 Dungeon Crawl Stone Soup version 0.28.0-49-g6dfe1f597d (webtiles) character file.

Game seed: 14909527010822215761

468 Zeld the Magician (level 6, -2/32 HPs)
             Began as a Deep Elf Fire Elementalist on May 19, 2022.
             Was an Initiate of Vehumet.
             Hit by a stone thrown by an orc warrior (13 damage)
             ... on level 4 of the Dungeon.
             The game lasted 00:03:28 (4815 turns).

Zeld the Magician (Deep Elf Fire Elementalist)      Turns: 4815, Time: 00:03:28

Health: -2/32      AC:  4    Str:  5    XL:     6   Next: 81%
Magic:  17/17      EV: 13    Int: 22    God:    Vehumet [......]
Gold:   11         SH:  0    Dex: 15    Spells: 10/17 levels left

rFire   . . .      SeeInvis .   (no weapon)
rCold   + . .      Faith    .   (no shield)
rNeg    . . .      Spirit   .   a - +0 robe
rPois   .          Reflect  .   (no helmet)
rElec   .          Harm     .   f - +0 cloak
rCorr   .          Rampage  .   (no gloves)
Will    .....                   o - +0 pair of boots
Stlth   ++........              (no amulet)
HPRegen 0.10/turn               k - ring of protection from cold
MPRegen 0.15/turn               (no ring)

@: no status effects
A: no striking features
a: Renounce Religion


You were on level 4 of the Dungeon.
You worshipped Vehumet.
Vehumet was noncommittal.
You visited 2 branches of the dungeon, and saw 5 of its levels.

You collected 89 gold pieces.
You spent 78 gold pieces at shops.

Inventory:

Armour
 a - a +0 robe (worn)
 f - a +0 cloak (worn)
 o - a +0 pair of boots (worn)
Jewellery
 d - a ring of resist corrosion
 k - a ring of protection from cold (left hand)
Wands
 r - a wand of flame (8)
Scrolls
 b - a scroll of teleportation {unknown}
 c - 2 scrolls of identify {unknown}
 e - a scroll of silence {unknown}
 g - a scroll of vulnerability {unknown}
 i - 2 scrolls of enchant armour {unknown}
 m - a scroll of noise {unknown}
 n - a scroll of blinking {unknown}
 q - a scroll of fog {unknown}
Potions
 h - 2 potions of brilliance {unknown}
 j - a potion of invisibility {unknown}
 l - a potion of attraction {unknown}
 p - 2 potions of curing


   Skills:
 + Level 4.2 Dodging
 - Level 2.4 Stealth
 * Level 6.2 Spellcasting
 + Level 3.1 Conjurations
 * Level 5.5 Fire Magic


You had 10 spell levels left.
You knew the following spells:

 Your Spells              Type           Power      Damage    Failure   Level
a - Foxfire               Conj/Fire      100%       2x1d9     1%          1
b - Scorch                Fire           62%        2d8       1%          2
c - Flame Wave            Conj/Fire      26%        2d7       14%         4

Your spell library contained the following spells:

 Spells                   Type           Power      Damage    Failure   Level
 Conjure Flame            Conj/Fire      26%        6-21      4%          3
 Inner Flame              Hex/Fire       19%        N/A       9%          3


Dungeon Overview and Level Annotations

Branches:
Dungeon (4/15)             Temple (1/1) D:4

Altars:
Ashenzari
Cheibriados
Dithmenos
Elyvilon
Fedhas
Gozag
Hepliaklqana
Kikubaaqudgha
Makhleb
Nemelex Xobeh
Okawaru
Qazlal
Ru
Sif Muna
Trog
Vehumet
Wu Jian
Xom
Yredelemnul
Zin
The Shining One

Shops:
D:3 !

Annotations:
D:3 1 runed translucent door, KittyFluff's ghost, amateur GrBe


Message History

Your Conjurations skill increases to level 3!
Casting: Scorch (safe; 1% risk of failure)
Confirm with . or Enter, or press ? or * to list all spells.
Flames lash the gnoll.
The gnoll is burned terribly!
You kill the gnoll!
Vehumet accepts your kill.
Unknown command.
Casting: Scorch (safe; 1% risk of failure)
Confirm with . or Enter, or press ? or * to list all spells.
Flames lash the gnoll.
You kill the gnoll!
Vehumet accepts your kill.
Unknown command.
Key pressed, stopping explore.
HP restored.
Things that are here:
a +0 whip; a gnoll corpse You see here a +2 vorpal spear.
An orc warrior, an orc priest and an orc wizard come into view.
The orc warrior is wielding a +0 war axe and wearing a +1 chain mail of poison resistance.
The orc priest moves out of view.
There are monsters nearby!
There are monsters nearby!
You start waiting.
An orc warrior is nearby!
An orc warrior is nearby!
Casting: Scorch (safe; 1% risk of failure)
Confirm with . or Enter, or press ? or * to list all spells.
You can't see any susceptible monsters within range! (Use Z to cast anyway.)
The orc warrior shouts!
You hear a shout!
The orc warrior throws a stone.
The stone hits you!
Casting: Scorch (safe; 1% risk of failure)
Confirm with . or Enter, or press ? or * to list all spells.
You can't see any susceptible monsters within range! (Use Z to cast anyway.)
The orc warrior throws a stone.
The stone hits you!
The orc warrior throws a stone.
The stone hits you but does no damage.
The orc warrior throws a stone.
The stone closely misses you.
The orc warrior throws a stone.
The stone misses you.
The orc warrior throws a stone.
The stone hits you!
You die...

#.....#####.#####.#.###.#
#########.#.#†..................#
#....................######.##..#
#.####>##.#.#.####.. #.##... #.#
#.##.....# #.##... #.# #.####.###
##### #.###.≈ ..# #.# ##.##
#...## #.# ##≈ ###
#.###...######....## #.# #≈
#.........)@.......# #.# #≈
#####...####.##..⌠.# #.# #≈ ##.##
#.##....###.####≈
#.#####.##............≈
#.......############### ####
#######.# . .).##############.#
##.).............o#
##..#############.#


You could see an orc warrior.

Vanquished Creatures
  An ice beast (D:4)
  A scorpion (D:4)
  2 hounds (D:4)
  A jelly (D:3)
  An orc priest (D:3)
  A centaur skeleton (D:4)
  A hound skeleton (D:4)
  A hound zombie (D:3)
  6 gnolls
  2 adders (D:2)
  A dart slug (D:1)
  3 orcs (D:3)
  3 endoplasms
  3 giant cockroaches
  6 goblins
  4 hobgoblins
  3 jackals
  A quokka (D:1)
  4 ball pythons
  6 bats
  17 frilled lizards
  7 kobolds
75 creatures vanquished.

Vanquished Creatures (others)
  A demonic plant (D:2)
  24 foxfires
  A fungus (D:2)
  12 plants
  3 withered plants (D:2)
41 creatures vanquished.

Grand Total: 116 creatures vanquished

Notes
Turn   | Place    | Note
-------+----------+-------------------------------------------
     0 | D:1      | Zeld the Deep Elf Fire Elementalist began the quest for the
                  | Orb.
     0 | D:1      | Reached XP level 1. HP: 10/10 MP: 6/6
   570 | D:1      | Reached XP level 2. HP: 12/15 MP: 4/8
   573 | D:1      | Learned a level 2 spell: Scorch
  1073 | D:2      | Found a faded altar of an unknown god.
  2017 | D:2      | Reached XP level 3. HP: 10/19 MP: 7/10
  2346 | D:2      | Reached skill level 4 in Spellcasting
  2669 | D:3      | Reached XP level 4. HP: 24/24 MP: 2/12
  2752 | D:3      | Learned a level 4 spell: Flame Wave
  3119 | D:2      | Reached XP level 5. HP: 15/28 MP: 0/14
  3412 | D:3      | Reached skill level 5 in Spellcasting
  3623 | D:3      | Found a runed translucent door.
  3624 | D:3      | Noticed KittyFluff's ghost (amateur GrBe)
  3676 | D:3      | Found Mapsum's Distillery.
  3824 | D:3      | Bought a potion of curing for 39 gold pieces
  3824 | D:3      | Bought a potion of curing for 39 gold pieces
  4046 | D:4      | Reached skill level 5 in Fire Magic
  4046 | D:4      | Reached XP level 6. HP: 32/32 MP: 6/16
  4189 | D:4      | Found a staircase to the Ecumenical Temple.
  4199 | Temple   | Entered the Ecumenical Temple
  4249 | Temple   | Became a worshipper of Vehumet
  4556 | D:4      | Noticed an ice beast
  4581 | D:4      | Killed an ice beast
  4582 | D:4      | Reached skill level 6 in Spellcasting
  4712 | D:4      | Noticed an orc warrior
  4815 | D:4      | Hit by a stone thrown by an orc warrior

Illustrated notes

Levels and vault maps discovered:
D:1:      tarquinn_simple_flora_water_d, layout_basic, hangedman_decor_points,
          minmay_pentomino_u4
D:2:      minmay_inner_zag, layout_loops_corners, shapermc_ecumenical_altar_gd,
          serial_glass, glass_columns_a, glass_columns_a, minmay_lizard_king
D:3:      layout_rooms, ebering_ghost_reflecting_pool, serial_shops,
          nicolae_lakefront_shop, serial_bayou_ford_a, grunt_ministairs_11,
          minmay_circle_x
D:4:      layout_loops_ring, minmay_temple_entry_mist,
          ebering_ghost_reflecting_pool, hangedman_feature_mirror,
          chequers_serial_rivers_micro_e
Temple:   regret_index_temple_sigil_plot

Skill      XL: |  1  2  3  4  5  6 |
---------------+-------------------+-----
Spellcasting   | 4 5 6 |  6.2
Dodging        | 3 4 |  4.2
Fire Magic     | 4 5 |  5.5
Conjurations   | 2 3 |  3.1
Stealth        | |  2.4

Action                   |  1- 3 |  4- 6 || total
-------------------------+-------+-------++-------
Melee: Unarmed           |    17 |     3 ||    20
 Cast: Foxfire           |    19 |       ||    19
       Scorch            |    41 |    56 ||    97
 Stab: Distracted        |     1 |       ||     1
Armor: Robe              |    13 |    12 ||    25
Dodge: Dodged            |    31 |    20 ||    51
